ITL
LOUISVILLE BATS @ ALLENTOWN HILLBILLIES
08/11/2028
 
TOP OF THE 1ST
Louisville Bats batting - Pitching for Allentown Hillbillies : RHP Carlos García
Pitching: RHP Carlos García
Batting: LHB Ramón Morales 0-0: Foul Ball, location: 2F
0-1: Bunted foul
0-2: Strikes out swinging
Batting: RHB Dick Slagboom 0-0: Foul Ball, location: 2F
0-1: Ball
1-1: Foul Ball, location: 2F
1-2: Ball
2-2: Ball
3-2: SINGLE (Groundball, 34D)
Batting: RHB Eric Thompson 0-0: Called Strike
0-1: Foul Ball, location: 2F
0-2: Ground out 5-3 (Groundball, 5S)
Dick Slagboom to second
Batting: LHB Mike Callahan 0-0: Foul Ball, location: 2F
0-1: Swinging Strike
0-2: Strikes out swinging
Top of the 1st over - 0 run(s), 1 hit(s), 0 error(s), 1 left on base; Louisville 0 - Allentown 0
BOTTOM OF THE 1ST
Allentown Hillbillies batting - Pitching for Louisville Bats : RHP Manny Canseco
Pitching: RHP Manny Canseco
Batting: LHB António Salazar 0-0: Ball
1-0: SINGLE (Flyball, 89S)
Batting: RHB Albert Lutz Balk!
António Salazar to second
0-0: Called Strike
0-1: SINGLE (Groundball, 34) (infield hit)
António Salazar to third
Batting: RHB Germano Labrego 0-0: Grounds into double play, 1-6-3 (Groundball, 13S)
Batting: LHB John Hudson 0-0: Swinging Strike
0-1: Foul Ball, location: 2F
0-2: Foul Ball, location: 2F
0-2: Ball
1-2: Ball
2-2: Ball
3-2: DOUBLE (Line Drive, 7LD)
António Salazar scores
Batting: RHB Carl Brown 0-0: Ball
1-0: Called Strike
1-1: Foul Ball, location: 2F
1-2: Ball
2-2: Foul Ball, location: 2F
2-2: Foul Ball, location: 2F
2-2: Foul Ball, location: 2F
2-2: Ball
3-2: Base on Balls
Batting: LHB Marcos Vargas 0-0: Ball
1-0: Ball
2-0: Foul Ball, location: 2F
2-1: Ball
3-1: Called Strike
3-2: Strikes out swinging
Bottom of the 1st over - 1 run(s), 3 hit(s), 0 error(s), 2 left on base; Louisville 0 - Allentown 1
TOP OF THE 2ND
Louisville Bats batting - Pitching for Allentown Hillbillies : RHP Carlos García
Batting: RHB Enrico Ramos 0-0: Foul Ball, location: 2F
0-1: Foul Ball, location: 2F
0-2: Foul Ball, location: 2F
0-2: DOUBLE (Groundball, 5L)
Batting: LHB Alex Henderson 0-0: Ball
1-0: Fly out, F3 (Popup, 3L)
Batting: RHB John Denton 0-0: Ball
Enrico Ramos steals 3rd base
1-0: Called Strike
1-1: Swinging Strike
1-2: Ball
2-2: Ball
3-2: Strikes out looking
Batting: RHB Kirk Powell 0-0: Ball
1-0: Ball
2-0: Ball
3-0: Base on Balls
Batting: RHB Shawn Marshall 0-0: Ball
1-0: Ball
2-0: Called Strike
2-1: Ball
3-1: Base on Balls
Kirk Powell to second
Batting: LHB Ramón Morales 0-0: Ball
1-0: Called Strike
1-1: Foul Ball, location: 2F
1-2: Ball
2-2: Strikes out swinging
Top of the 2nd over - 0 run(s), 1 hit(s), 0 error(s), 3 left on base; Louisville 0 - Allentown 1
BOTTOM OF THE 2ND
Allentown Hillbillies batting - Pitching for Louisville Bats : RHP Manny Canseco
Batting: RHB José Ortega 0-0: Ground out 4-3 (Groundball, 4)
Batting: RHB Dan Banks 0-0: Ball
1-0: Ball
2-0: Foul Ball, location: 2F
2-1: Called Strike
2-2: SINGLE (Groundball, 56D)
Batting: RHB Von Ford 0-0: Ball
1-0: Called Strike
1-1: Ball
2-1: Ball
3-1: Foul Ball, location: 2F
3-2: 2-RUN HOME RUN (Flyball, 78XD), Distance : 388 ft
Batting: LHB António Salazar 0-0: Ball
1-0: Ball
2-0: Ball
3-0: Called Strike
3-1: Fly out, F8 (Flyball, 8RD)
Batting: RHB Albert Lutz 0-0: Ground out U3 (Groundball, 34)
Bottom of the 2nd over - 2 run(s), 2 hit(s), 0 error(s), 0 left on base; Louisville 0 - Allentown 3
TOP OF THE 3RD
Louisville Bats batting - Pitching for Allentown Hillbillies : RHP Carlos García
Batting: RHB Dick Slagboom 0-0: Swinging Strike
0-1: Ball
1-1: Foul Ball, location: 2F
1-2: Foul Ball, location: 2F
1-2: Ball
2-2: Ball
3-2: Base on Balls
Batting: RHB Eric Thompson 0-0: Ball
1-0: Ball
2-0: Ball
3-0: Foul Ball, location: 2F
3-1: DOUBLE (Groundball, 5L)
Dick Slagboom to third
Batting: LHB Mike Callahan 0-0: Ball
1-0: Foul Ball, location: 2F
1-1: Ground out 1-3 (Groundball, P)
Batting: RHB Enrico Ramos 0-0: Called Strike
0-1: Ground out 5-3 (Groundball, 56)
Dick Slagboom scores
Batting: LHB Alex Henderson 0-0: Called Strike
0-1: Foul Ball, location: 2F
0-2: Ball
1-2: Ball
2-2: Fly out, F5 (Popup, 5S)
Top of the 3rd over - 1 run(s), 1 hit(s), 0 error(s), 1 left on base; Louisville 1 - Allentown 3
BOTTOM OF THE 3RD
Allentown Hillbillies batting - Pitching for Louisville Bats : RHP Manny Canseco
Batting: RHB Germano Labrego 0-0: Ball
1-0: Swinging Strike
1-1: SINGLE (Line Drive, 8LS)
Batting: LHB John Hudson 0-0: Foul Ball, location: 2F
0-1: Ball
1-1: Swinging Strike
1-2: Strikes out swinging
Batting: RHB Carl Brown 0-0: Ball
1-0: Ball
2-0: SINGLE (Line Drive, 9LS)
Germano Labrego to second
Batting: LHB Marcos Vargas 0-0: Ball
1-0: SINGLE (Groundball, 4MD)
Germano Labrego to third
Carl Brown to second
Runner from 3rd tries for Home, SAFE, throw made home
Carl Brown to third
Marcos Vargas to second
Batting: RHB José Ortega 0-0: Called Strike
0-1: Swinging Strike
0-2: SINGLE (Groundball, 4MD)
Carl Brown scores
Marcos Vargas to third
Batting: RHB Dan Banks 0-0: Ball
1-0: Called Strike
1-1: Called Strike
1-2: Fly out, F7 (Flyball, 7D)
Runner from 3rd tags up, SCORES, no throw
Batting: RHB Von Ford 0-0: Ball
1-0: Fly out, F9 (Flyball, 9S)
Bottom of the 3rd over - 3 run(s), 4 hit(s), 0 error(s), 1 left on base; Louisville 1 - Allentown 6
TOP OF THE 4TH
Louisville Bats batting - Pitching for Allentown Hillbillies : RHP Carlos García
Batting: RHB John Denton 0-0: Fly out, F9 (Flyball, 9LS)
Batting: RHB Kirk Powell 0-0: Ball
1-0: Fly out, F9 (Flyball, 9)
Batting: RHB Shawn Marshall 0-0: Fly out, F8 (Flyball, 8RD)
Top of the 4th over - 0 run(s), 0 hit(s), 0 error(s), 0 left on base; Louisville 1 - Allentown 6
BOTTOM OF THE 4TH
Allentown Hillbillies batting - Pitching for Louisville Bats : RHP Manny Canseco
Batting: LHB António Salazar 0-0: Ball
1-0: Ground out 1-3 (Groundball, 15)
Batting: RHB Albert Lutz 0-0: Fly out, F7 (Line Drive, 7)
Batting: RHB Germano Labrego 0-0: Ground out 1-3 (Groundball, 13S)
Bottom of the 4th over - 0 run(s), 0 hit(s), 0 error(s), 0 left on base; Louisville 1 - Allentown 6
TOP OF THE 5TH
Louisville Bats batting - Pitching for Allentown Hillbillies : RHP Carlos García
Batting: LHB Ramón Morales 0-0: Ball
1-0: Ball
2-0: Foul Ball, location: 2F
2-1: Ball
3-1: Base on Balls
Batting: RHB Dick Slagboom 0-0: Foul Ball, location: 2F
0-1: Ball
1-1: Ball
Ramón Morales steals 2nd base
2-1: Called Strike
2-2: Ball
3-2: Foul Ball, location: 2F
3-2: DOUBLE (Groundball, 5L)
Ramón Morales scores
Batting: RHB Eric Thompson 0-0: SINGLE (Groundball, 3) (infield hit)
Dick Slagboom to third
Batting: LHB Mike Callahan 0-0: Ball
1-0: Ball
2-0: Ball
3-0: Called Strike
3-1: Base on Balls
Eric Thompson to second
Batting: RHB Enrico Ramos 0-0: Ball
1-0: Grounds into double play, 6-4-3 (Groundball, 6)
Dick Slagboom scores
Eric Thompson to third
Batting: LHB Alex Henderson 0-0: Ball
1-0: Called Strike
1-1: Foul Ball, location: 2F
1-2: Ball
2-2: Ball
3-2: SINGLE (Line Drive, 9S)
Eric Thompson scores
Batting: RHB John Denton 0-0: Ball
Wild Pitch!
Alex Henderson to second
1-0: Ball
2-0: Ball
3-0: Base on Balls
Batting: RHB Kirk Powell 0-0: Called Strike
0-1: Ball
1-1: Foul Ball, location: 2F
1-2: Ball
2-2: Strikes out swinging
Top of the 5th over - 3 run(s), 3 hit(s), 0 error(s), 2 left on base; Louisville 4 - Allentown 6
BOTTOM OF THE 5TH
Allentown Hillbillies batting - Pitching for Louisville Bats : RHP Manny Canseco
Pitching: LHP Dave Carbone
Batting: LHB John Hudson 0-0: Ground out 3-1 (Groundball, 34)
Batting: RHB Carl Brown 0-0: Ball
1-0: Ball
2-0: Ground out 6-3 (Groundball, 6)
Batting: LHB Marcos Vargas 0-0: Called Strike
0-1: Swinging Strike
0-2: Ground out 1-3 (Groundball, 13)
Bottom of the 5th over - 0 run(s), 0 hit(s), 0 error(s), 0 left on base; Louisville 4 - Allentown 6
TOP OF THE 6TH
Louisville Bats batting - Pitching for Allentown Hillbillies : RHP Carlos García
Pitching: RHP Jorge Ruíz
Batting: RHB Shawn Marshall 0-0: Fly out, F9 (Line Drive, 9LM)
Batting: LHB Ramón Morales 0-0: Ball
1-0: Ball
2-0: Ball
3-0: Called Strike
3-1: Foul Ball, location: 2F
3-2: Base on Balls
Batting: RHB Dick Slagboom 0-0: Ball
Ramón Morales steals 2nd base
1-0: Foul Ball, location: 2F
1-1: Ball
2-1: Foul Ball, location: 2F
2-2: Foul Ball, location: 2F
2-2: Ball
3-2: Base on Balls
Batting: RHB Eric Thompson 0-0: Ball
1-0: Ball
2-0: Ball
3-0: Called Strike
3-1: Foul Ball, location: 2F
3-2: Fly out, F9 (Flyball, 9)
Batting: LHB Mike Callahan 0-0: Ball
1-0: Foul Ball, location: 2F
1-1: Ball
2-1: Called Strike
2-2: Ball
3-2: SINGLE (Flyball, 8RS)
Ramón Morales to third
Dick Slagboom to second
Ramón Morales scores
Dick Slagboom to third
Batting: RHB Enrico Ramos 0-0: Called Strike
0-1: Foul Ball, location: 2F
0-2: Strikes out swinging
Top of the 6th over - 1 run(s), 1 hit(s), 0 error(s), 2 left on base; Louisville 5 - Allentown 6
BOTTOM OF THE 6TH
Allentown Hillbillies batting - Pitching for Louisville Bats : LHP Dave Carbone
Batting: RHB José Ortega 0-0: Called Strike
0-1: Foul Ball, location: 2F
0-2: Ball
1-2: Ball
2-2: Foul Ball, location: 2F
2-2: Fly out, F8 (Flyball, 8LM)
Batting: RHB Dan Banks 0-0: Ball
1-0: Fly out, F2 (Popup, 3S)
Batting: RHB Von Ford 0-0: Ball
1-0: Foul Ball, location: 2F
1-1: Swinging Strike
1-2: Foul Ball, location: 2F
1-2: SINGLE (Line Drive, 4MD)
Batting: LHB António Salazar 0-0: Ball
1-0: Ball
2-0: Swinging Strike
2-1: Foul Ball, location: 2F
2-2: Strikes out swinging
Bottom of the 6th over - 0 run(s), 1 hit(s), 0 error(s), 1 left on base; Louisville 5 - Allentown 6
TOP OF THE 7TH
Louisville Bats batting - Pitching for Allentown Hillbillies : RHP Jorge Ruíz
Pitching: LHP Emílio Trevino
Batting: LHB Alex Henderson 0-0: Called Strike
0-1: Foul Ball, location: 2F
0-2: Ball
1-2: Ball
2-2: Strikes out looking
Pitching: LHP Alberto Maldonado
Batting: RHB John Denton 0-0: Ground out 2-3 (Groundball, 2R)
Batting: RHB Kirk Powell 0-0: Ball
1-0: Ball
2-0: Foul Ball, location: 2F
2-1: Foul Ball, location: 2F
2-2: Ground out 5-3 (Groundball, 5S)
Top of the 7th over - 0 run(s), 0 hit(s), 0 error(s), 0 left on base; Louisville 5 - Allentown 6
BOTTOM OF THE 7TH
Allentown Hillbillies batting - Pitching for Louisville Bats : LHP Dave Carbone
Batting: RHB Albert Lutz 0-0: Ball
1-0: Called Strike
1-1: Called Strike
1-2: Strikes out swinging, 2-3 out at first.
Batting: RHB Germano Labrego 0-0: Ball
1-0: Called Strike
1-1: Ground out 6-3 (Groundball, 6M)
Batting: LHB John Hudson 0-0: Ball
1-0: Foul Ball, location: 2F
1-1: Called Strike
1-2: Foul Ball, location: 2F
1-2: Ball
2-2: SINGLE (Flyball, 8RS)
Batting: RHB Carl Brown 0-0: Ball
1-0: Called Strike
1-1: Ball
2-1: Ball
3-1: Base on Balls
John Hudson to second
Pinch Hitting: RHB Marc Cox 0-0: Called Strike
0-1: Ball
1-1: Swinging Strike
1-2: Strikes out looking
Bottom of the 7th over - 0 run(s), 1 hit(s), 0 error(s), 2 left on base; Louisville 5 - Allentown 6
TOP OF THE 8TH
Louisville Bats batting - Pitching for Allentown Hillbillies : LHP Alberto Maldonado
Now at SS: António Yánez
Batting: RHB Shawn Marshall 0-0: Foul Ball, location: 2F
0-1: Ball
1-1: Ball
2-1: Ball
3-1: Foul Ball, location: 2F
3-2: Foul Ball, location: 2F
3-2: Foul Ball, location: 2F
3-2: Base on Balls
Pinch Hitting: RHB William Farmer 0-0: Ball
1-0: Called Strike
1-1: Foul Ball, location: 2F
1-2: Grounds into double play, 6-4-3 (Groundball, 6)
Batting: RHB Dick Slagboom 0-0: Called Strike
0-1: Hit by Pitch
Batting: RHB Eric Thompson 0-0: Ball
1-0: Called Strike
1-1: Ball
2-1: Ball
3-1: Base on Balls
Dick Slagboom to second
Batting: LHB Mike Callahan 0-0: Ball
1-0: Ball
2-0: Ball
3-0: Called Strike
3-1: Fly out, F7 (Flyball, 7)
Top of the 8th over - 0 run(s), 0 hit(s), 0 error(s), 2 left on base; Louisville 5 - Allentown 6
BOTTOM OF THE 8TH
Allentown Hillbillies batting - Pitching for Louisville Bats : LHP Dave Carbone
Now in CF: William Farmer
Batting: RHB José Ortega 0-0: Swinging Strike
0-1: Swinging Strike
0-2: Fly out, F4 (Popup, 4D)
Pitching: LHP Denny Welch
Batting: RHB Dan Banks 0-0: Called Strike
0-1: Swinging Strike
0-2: Foul Ball, location: 2F
0-2: Strikes out swinging
Batting: RHB Von Ford 0-0: Called Strike
0-1: Swinging Strike
0-2: Ball
1-2: Foul Ball, location: 2F
1-2: Ball
2-2: Ball
3-2: DOUBLE (Line Drive, 8LXD)
Pinch Hitting: RHB Diego Rivera 0-0: Ball
1-0: Ball
2-0: Called Strike
2-1: Called Strike
2-2: Foul Ball, location: 2F
2-2: Foul Ball, location: 2F
2-2: Foul Ball, location: 2F
2-2: Reached on error, E5 (Groundball, 5)
Von Ford to third
Batting: RHB Albert Lutz 0-0: Ground out 6-3 (Groundball, 6MD)
Bottom of the 8th over - 0 run(s), 1 hit(s), 1 error(s), 2 left on base; Louisville 5 - Allentown 6
TOP OF THE 9TH
Louisville Bats batting - Pitching for Allentown Hillbillies : LHP Alberto Maldonado
Pitching: RHP Dale Downs
Now in CF: Diego Rivera
Batting: RHB Enrico Ramos 0-0: Foul Ball, location: 2F
0-1: Swinging Strike
0-2: Ball
1-2: Foul Ball, location: 2F
1-2: Ball
2-2: Ball
3-2: Base on Balls
Batting: LHB Alex Henderson 0-0: Ball
1-0: Foul Ball, location: 2F
1-1: Foul Ball, location: 2F
1-2: Ball
2-2: Ball
3-2: Foul Ball, location: 2F
3-2: Foul Ball, location: 2F
3-2: Strikes out swinging
Batting: RHB John Denton 0-0: Ball
1-0: Ball
2-0: Called Strike
2-1: Swinging Strike
2-2: Strikes out looking
Pinch Hitting: LHB Jeff Forsyth 0-0: Ball
1-0: Foul Ball, location: 2F
1-1: Called Strike
1-2: Strikes out swinging
Top of the 9th over - 0 run(s), 0 hit(s), 0 error(s), 1 left on base; Louisville 5 - Allentown 6
Tuesday, August 8th, 2017 - OOTP Baseball 17.12 Build 75